 Dungeon Crawl Stone Soup version 0.30-a0-1008-g30c9307041 (webtiles) character file.

Game seed: 13880714218107523649

19518 Pimp the Fighter (level 12, 0/106 HPs)
             Began as a Barachi Fighter on Apr 5, 2023.
             Was an Initiate of Yredelemnul.
             Slain by an ogre
             ... wielding a +0 giant club
             ... led by an orc knight
              (22 damage)
             ... on level 2 of the Orcish Mines.
             The game lasted 00:38:41 (11850 turns).

Pimp the Fighter (Barachi Fighter)                 Turns: 11850, Time: 00:38:43

Health: 0/106      AC: 14    Str: 17    XL:     12   Next: 69%
Magic:  21/22      EV: 14    Int: 13    God:    Yredelemnul [......]
Gold:   779        SH:  6    Dex: 16    Spells: 20/25 levels left

rFire   + . .      SeeInvis .    a - +1 long sword (protect)
rCold   + . .      Faith    .    c - +0 buckler
rNeg    . . .      Spirit   .    u - +2 ring mail {rPois}
rPois   +          Reflect  .    (no helmet)
rElec   .          Rampage  .    U - scarf {rC+ rF+}
rCorr   +                        z - +0 pair of gloves
Will    .....                    l - +2 pair of boots
Stlth   +                        B - amulet of regeneration
HPRegen 1.17/turn                J - ring of Kaesch {Wiz Dex+3}
MPRegen 0.18/turn                K - ring of resist corrosion

@: slow
A: amphibious, slowness 1, strong legs 1, +LOS, robust 1
a: Hop, Renounce Religion, Recall Undead Harvest


You were on level 2 of the Orcish Mines.
You worshipped Yredelemnul.
Yredelemnul was noncommittal.
You visited 2 branches of the dungeon, and saw 14 of its levels.
You also visited: Bailey.

You collected 1341 gold pieces.
You spent 562 gold pieces at shops.

Inventory:

Hand Weapons
 a - a +1 long sword of protection (weapon)
 h - a +1 dagger of draining
Missiles
 L - 3 throwing nets
Armour
 b - a +0 scale mail
 c - a +0 buckler (worn)
 g - a +0 chain mail
 l - a +2 pair of boots (worn)
 u - a +2 ring mail of poison resistance (worn)
 z - a +0 pair of gloves (worn)
 M - a +2 cloak
 U - a scarf of resistance (worn)
Magical Staves
 e - a staff of conjuration
 f - a staff of air
 s - a staff of poison
Jewellery
 B - an amulet of regeneration (around neck)
 F - a ring of ice
 H - a ring of fire
 I - the amulet of Elemental Vulnerability {rPois rF-- rC-- AC+8}
   (You found it on level 7 of the Dungeon)

   [amulet of nothing]

   AC:        It affects your AC (+8).
   rF:        It makes you very vulnerable to fire.
   rC:        It makes you very vulnerable to cold.
   rPois:     It protects you from poison.
 J - the ring of Kaesch (left hand) {Wiz Dex+3}
   (You bought it in a shop on level 8 of the Dungeon)

   [ring of wizardry]

   It improves your spell success rate.
   Dex:       It affects your dexterity (+3).
 K - a ring of resist corrosion (right hand)
Wands
 i - a wand of light (4)
 y - a wand of mindburst (14)
 P - a wand of flame (7) (quivered)
 T - a wand of roots (5)
Scrolls
 m - 2 scrolls of blinking
 o - a scroll of immolation
 q - 2 scrolls of poison
 r - 4 scrolls of magic mapping
 v - 2 scrolls of teleportation
 x - 6 scrolls of fog
 G - a scroll of torment
 R - a scroll of enchant weapon
 S - 3 scrolls of identify
Potions
 d - a potion of might
 k - 2 potions of degeneration
 n - 2 potions of flight
 p - a potion of cancellation
 t - a potion of heal wounds
 w - 3 potions of attraction {unknown}
 A - a potion of magic {unknown}
 C - 2 potions of lignification
 D - a potion of resistance {unknown}
 E - a potion of haste {unknown}
 N - 3 potions of curing
 Q - 2 potions of invisibility {unknown}
Miscellaneous
 O - a lightning rod (4/4)


   Skills:
 + Level 9.7 Fighting
 + Level 9.2 Long Blades
 + Level 9.7 Armour
 + Level 7.6 Dodging
 + Level 8.7 Shields
 + Level 7.1 Spellcasting
 + Level 7.6 Air Magic
 + Level 7.6 Poison Magic
 * Level 3.5 Invocations


You had 20 spell levels left.
You knew the following spells:

 Your Spells              Type           Power      Damage    Failure   Level
a - Poisonous Vapours     Pois/Air       48%        N/A       1%          2
b - Swiftness             Air            24%        N/A       1%          3

Your spell library contained the following spells:

 Spells                   Type           Power      Damage    Failure   Level
 Mephitic Cloud           Conj/Pois/Air  17%        N/A       4%          3
 Apportation              Tloc           8%         N/A       12%         1
 Magic Dart               Conj           16%        1d3       12%         1
 Necrotise                Necr           16%        1d4       12%         1
 Summon Small Mammal      Summ           16%        N/A       12%         1
 Call Imp                 Summ           4%         N/A       17%         2
 Ensorcelled Hibernation  Hex/Ice        8%         N/A       17%         2
 Lesser Beckoning         Tloc           8%         N/A       17%         2
 Passwall                 Tmut/Erth      3%         N/A       17%         2
 Gell's Gravitas          Tloc           4%         N/A       32%         3
 Teleport Other           Tloc           4%         N/A       32%         3
 Tukima's Dance           Hex            4%         N/A       32%         3
 Passage of Golubria      Tloc           4%         N/A       71%         4
 Freezing Cloud           Conj/Ice/Air   5%         6-21      71%         5
 Summon Mana Viper        Hex/Summ       4%         N/A       96%         5
 Yara's Violent Unravell  Hex/Tmut       2%         3d3       96%         5


Dungeon Overview and Level Annotations

Branches:
Dungeon (12/15)            Temple (0/1) D:6            Lair (0/5) D:10
    Orc (2/2) D:11            Elf (0/3) Orc:2        Bailey (visited)

Altars:
Ashenzari
Cheibriados
Makhleb
Okawaru
Ru
Trog
Vehumet
Yredelemnul
Zin
The Shining One

Shops:
D:4 =   D:8 *

Annotations:
D:12 2 runed translucent doors, turdburglar's ghost, journeyman GrEE


Innate Abilities, Weirdness & Mutations

You are amphibious.
You cover ground slowly.
You can hop short distances.
You have an extended range of vision and can be seen from far away.
You are robust. (+10% HP)


Message History

The orc no longer looks unusually strong.
The troll bites you but does no damage. The troll claws you but does no damage.
The troll closely misses you.
The orc knight roars a battlecry!
The orcs go into a battle-frenzy!
There is a stone staircase leading up here.
As you read the scroll of summoning, it crumbles to dust.
Wisps of shadow whirl around you... Something hits you but does no damage.
The orc warrior closely misses you. The troll bites you!
The troll closely misses you. The troll barely misses you.
The orc closely misses you.
The orc hits your orc with a +2 hand axe of venom!
Your orc is poisoned.
The orc closely misses your troll.
The orc knight hits you with a +0 great sword!
* * * LOW HITPOINT WARNING * * *
The troll attacks as you move away! The troll closely misses you.
The troll misses you. You block the troll's attack.
The orc knight attacks as you move away!
The orc knight hits you with a +0 great sword!!
* * * LOW HITPOINT WARNING * * *
An orc comes into view. It is wielding a +0 flail.
The orc shouts!
You hear a shout! x3
Your orc dies!
Your orc's corpse dissolves into shadows!
Your orc hits the troll with a +0 dagger.
Your orc barely misses the ogre.
You feel much better.
The orc warrior no longer looks unusually strong.
An orc comes into view. It is wielding a +2 dagger of draining.
Something hits your troll.
An orc wizard comes into view. It is wielding a +2 dagger of venom.
The troll bites you.
* * * LOW HITPOINT WARNING * * *
The troll claws you.
* * * LOW HITPOINT WARNING * * *
The troll barely misses you.
The ogre hits you with a +0 giant club!!
You die...
Your body rises from the dead as a mindless zombie.

.....# ## ##.....o
#≈###..$..o
###≈≈≈≈...o.
≈###≈≈≈≈≈..$..
≈≈≈§≈≈≈≈....#
≈≈≈≈≈...o...##
.......$o....#
........@.To.#
........TOo{.##
..<....ooooo..#
..........T)...#
....^......)....#
......>...##...##
......#.... ...#
........... ....#
........$#..#....#


You could see an orc knight (poisoned), 2 trolls, 2 orc warriors, an ogre, an
orc wizard, 4 orcs, a friendly troll (summoned), a friendly orc warrior
(summoned) and 3 friendly orcs.

Vanquished Creatures
  Erolcha (D:11)
  A boulder beetle (D:11)
  Nergalle (D:11)
  2 ugly things
  A cyclops (D:11)
  A gargoyle (D:12)
  Psyche (D:12)
  4 trolls
  A hornet (D:11)
  3 slime creatures
  Sigmund (D:6)
  2 shadows (D:10)
  2 yaks (D:9)
  A wraith (D:12)
  A warg (Orc:1)
  2 water moccasins (D:6)
  3 acid dragons
  A black bear (D:6)
  14 orc warriors
  An ice beast (D:6)
  2 sky beasts
  3 centaurs
  3 ogres
  3 wolves (D:10)
  A phantom (D:5)
  2 bullfrogs
  2 kobold brigands
  A scorpion (D:4)
  3 wights (D:6)
  2 killer bees (D:8)
  2 howler monkeys (D:12)
  An electric eel (D:10)
  4 hounds
  6 orc priests
  A sleepcap (D:8)
  Ijyb (D:4)
  6 iguanas
  7 orc wizards
  14 gnolls
  8 adders
  A shadow imp (D:5)
  A white imp (D:7)
  A worm (D:2)
  2 dart slugs
  42 orcs
  7 ball pythons
  7 endoplasms
  4 giant cockroaches
  16 goblins
  18 hobgoblins
  12 kobolds
  A quokka (D:4)
  2 bats
  A frilled lizard (D:3)
  4 rats
235 creatures vanquished.

Vanquished Creatures (collateral kills)
  An orc knight (Orc:1)
  A manticore (D:12)
  An orc sorcerer (Orc:1)
  A cyclops (D:12)
  A slime creature (D:11)
  A shadow (D:10)
  3 yaks (D:9)
  A warg (Orc:1)
  An acid dragon (D:8)
  3 orc warriors
  An ice beast (D:6)
  2 water moccasins
  2 ogres
  2 phantoms
  3 bullfrogs
  A gnoll sergeant (D:10)
  A killer bee (D:8)
  2 howler monkeys (D:12)
  An electric eel (D:10)
  A hound (D:10)
  2 orc priests
  An orc wizard (D:8)
  4 gnolls
  An adder (D:4)
  A white imp (D:8)
  A dart slug (D:1)
  16 orcs
  3 ball pythons
  3 endoplasms
  2 goblins
  3 hobgoblins
  A quokka (D:1)
  A bat (D:1)
  3 frilled lizards
  3 kobolds
  An orc zombie (Orc:1)
  A rat (D:1)
77 creatures vanquished.

Vanquished Creatures (others)
  2 water moccasin zombies (D:6)
  2 troll zombies
  A warg zombie (Orc:1)
  2 yak zombies (D:9)
  2 wolf zombies (D:10)
  A bullfrog zombie (D:6)
  2 killer bee zombies (D:8)
  An acid dragon zombie (D:11)
  3 ogre zombies
  3 hound zombies
  A spectral electric eel (D:10)
  27 orc zombies
  An adder zombie (D:2)
  A spectral white imp (D:7)
  3 bat zombies
  3 gnoll zombies
  2 ball python zombies (D:4)
  An endoplasm zombie (D:2)
  5 goblin zombies
  7 hobgoblin zombies
  2 kobold zombies
  2 rat zombies (D:2)
74 creatures vanquished.

Grand Total: 386 creatures vanquished

Notes
Turn   | Place    | Note
-------+----------+-------------------------------------------
     0 | D:1      | Pimp the Barachi Fighter began the quest for the Orb.
     0 | D:1      | Reached XP level 1. HP: 18/18 MP: 1/1
    33 | D:1      | Found a faded altar of an unknown god.
    41 | D:1      | Prayed at the altar of an unknown god.
    41 | D:1      | Became a worshipper of Yredelemnul the Dark
    41 | D:1      | Reached * piety under Yredelemnul
    84 | D:1      | Reached XP level 2. HP: 20/23 MP: 2/2
   289 | D:1      | Reached XP level 3. HP: 30/30 MP: 3/3
   326 | D:1      | Reached ** piety under Yredelemnul
  1159 | D:2      | Found a broken altar of Ashenzari.
  1294 | D:2      | Reached XP level 4. HP: 25/38 MP: 4/4
  1852 | D:3      | Found a sacrificial altar of Ru.
  1855 | D:3      | Reached XP level 5. HP: 43/43 MP: 5/5
  1865 | D:3      | Found a bloodstained altar of Trog.
  2090 | D:4      | Noticed Ijyb
  2116 | D:4      | Killed Ijyb
  2441 | D:4      | Noticed an ogre
  2451 | D:4      | Killed an ogre
  2452 | D:4      | Reached skill level 1 in Dodging
  2452 | D:4      | Reached skill level 1 in Spellcasting
  2452 | D:4      | Reached skill level 1 in Air Magic
  2452 | D:4      | Reached skill level 1 in Poison Magic
  2452 | D:4      | Reached XP level 6. HP: 45/49 MP: 7/7
  3123 | D:4      | Found Coghaeng's Jewellery Boutique.
  3186 | D:4      | Reached skill level 5 in Armour
  3323 | D:4      | Reached skill level 5 in Fighting
  3350 | D:5      | Entered Level 5 of the Dungeon
  3359 | D:5      | Reached XP level 7. HP: 47/56 MP: 9/9
  3898 | D:5      | Reached XP level 8. HP: 63/63 MP: 11/11
  4084 | D:6      | Found a snail-covered altar of Cheibriados.
  4205 | D:6      | Reached skill level 5 in Shields
  4364 | D:6      | Gained mutation: You occasionally lose the ability to drink
                  | potions when taking damage. [potion of mutation]
  4420 | D:6      | Reached skill level 5 in Long Blades
  4463 | D:6      | Found a staircase to the Ecumenical Temple.
  4480 | D:6      | Lost mutation: You occasionally lose the ability to drink
                  | potions when taking damage. [potion of mutation]
  4480 | D:6      | Gained mutation: You are robust. (+10% HP) [potion of
                  | mutation]
  4533 | D:6      | Found a burning altar of Makhleb.
  4738 | D:6      | Found a glowing golden altar of the Shining One.
  4783 | D:6      | Reached XP level 9. HP: 75/75 MP: 12/14
  4830 | D:6      | Noticed Sigmund
  4873 | D:6      | Killed Sigmund
  5109 | D:7      | Found a glowing silver altar of Zin.
  5225 | D:7      | Identified the +1 leather armour of the Snake Pit {rElec
                  | Dex+3 Slay-3}
  5268 | D:7      | Identified the +1 robe of the Flute {rF+}
  5356 | D:7      | Found the amulet of Elemental Vulnerability {rPois rF--
                  | rC-- AC+8}
  5639 | D:7      | Reached *** piety under Yredelemnul
  6003 | D:8      | Found Ruffif's General Store.
  6061 | D:8      | Bought the ring of Kaesch {Wiz Dex+3} for 562 gold pieces
  6637 | D:8      | Reached XP level 10. HP: 46/86 MP: 16/16
  6705 | D:9      | Got Jehira's Tome of Invitation
  6748 | D:9      | Reached skill level 5 in Dodging
  6748 | D:9      | Reached skill level 5 in Poison Magic
  6753 | D:9      | Reached skill level 5 in Air Magic
  6899 | D:9      | Found a flagged portal.
  6926 | Bailey   | Entered a bailey
  7191 | Bailey   | Reached skill level 5 in Spellcasting
  7388 | Bailey   | Noticed an orc warlord
  7433 | D:9      | Reached XP level 11. HP: 95/95 MP: 17/20
  7787 | D:10     | Entered Level 10 of the Dungeon
  7787 | D:10     | Found a radiant altar of Vehumet.
  8042 | D:10     | Found a broken altar of Ashenzari.
  8211 | D:10     | Found a staircase to the Lair.
  8654 | D:10     | Learned a level 2 spell: Poisonous Vapours
  8658 | D:10     | Learned a level 3 spell: Swiftness
  8799 | D:11     | Noticed Nergalle
  8945 | D:11     | Found an iron altar of Okawaru.
  9317 | D:11     | Found a staircase to the Orcish Mines.
  9388 | D:11     | Killed Nergalle
  9389 | D:11     | Reached skill level 1 in Invocations
  9480 | D:11     | Reached XP level 12. HP: 104/104 MP: 21/21
  9713 | D:11     | Noticed a boulder beetle
  9802 | D:11     | Killed a boulder beetle
  9914 | D:11     | Noticed Erolcha
  9927 | D:11     | Killed Erolcha
 10048 | D:11     | Paralysed by a hornet for 1 turns
 10762 | D:12     | Found a large runed translucent door.
 10763 | D:12     | Found a large runed translucent door.
 10763 | D:12     | Noticed turdburglar's ghost (journeyman GrEE)
 11006 | D:12     | Noticed Psyche
 11018 | D:12     | Killed Psyche
 11179 | Orc:1    | Entered Level 1 of the Orcish Mines
 11814 | Orc:2    | Entered Level 2 of the Orcish Mines
 11814 | Orc:2    | Found a staircase to the Elven Halls.
 11849 | Orc:2    | HP: 5/106 [orc knight/+0 great sword (19)]
 11850 | Orc:2    | Slain by an ogre

Illustrated notes

Levels and vault maps discovered:
D:1:      dpeg_arrival_solitude, layout_basic,
          shapermc_ecumenical_altar_pompeii, minmay_close_crescents
D:2:      wander_river, layout_basic, basic_altar
D:3:      layout_rooms, bloody_trog, mainiacjoe_overflow_cross_hatched,
          minmay_tree_intersection
D:4:      layout_basic, kennysheep_windowed_goal, uniq_ijyb
D:5:      layout_loops_ring
D:6:      layout_basic, mainiacjoe_overflow_paths, kennysheep_mini_moat,
          tso_oasis_becter, minmay_temple_entry_tees, uniq_sigmund
D:7:      layout_loops_corners, amcnicky_altar_gilded
D:8:      layout_rooms, serial_shops, shop, minmay_strange_pillars
D:9:      layout_rooms, enter_bailey_2, minivault_16
D:10:     layout_basic, mainiacjoe_overflow_surrounded_room,
          vehumet_altar_wand_db, erik_lair_island
D:11:     layout_loops_corners, erik_orc_3, okawaru_gym_becter, uniq_erolcha,
          uniq_nergalle
D:12:     layout_long_grid, ebering_ghost_disaster_area, uniq_psyche
Orc:1:    layout_caves, nicolae_orc_stony_grotto
Orc:2:    kennysheep_orc_mage_school, layout_caves

Skill      XL: |  1  2  3  4  5  6  7  8  9 10 11 12 |
---------------+-------------------------------------+-----
Fighting       | 4 5 6 7 8 9 |  9.7
Armour         | 4 5 6 7 8 9 |  9.7
Long Blades    | 3 4 5 6 8 9 |  9.2
Shields        | 4 5 6 7 8 |  8.7
Dodging        | 1 2 3 4 6 7 |  7.6
Spellcasting   | 1 2 3 4 6 7 |  7.1
Air Magic      | 1 2 3 4 6 7 |  7.6
Poison Magic   | 1 2 3 4 6 7 |  7.6
Invocations    | 1 3 |  3.5

Action                     |  1- 3 |  4- 6 |  7- 9 | 10-12 || total
---------------------------+-------+-------+-------+-------++-------
  Melee: Long sword        |    76 |   148 |   398 |   837 ||  1459
   Cast: Poisonous Vapours |       |       |       |     4 ||     4
 Invoke: Recall Undead Har |       |       |     2 |     1 ||     3
  Evoke: Wand              |       |       |       |     7 ||     7
    Use: Potion            |       |     4 |     5 |     8 ||    17
         Scroll            |       |    10 |     4 |    17 ||    31
   Stab: Distracted        |       |     1 |       |     6 ||     7
 Armour: Scale mail        |     6 |       |       |       ||     6
         Chain mail        |    55 |    19 |       |       ||    74
         Ring mail         |       |    75 |   216 |   436 ||   727
  Dodge: Dodged            |    36 |    96 |   207 |   527 ||   866
  Block: Buckler           |    16 |    39 |   112 |   301 ||   468

Table legend: (Time is in decaauts)
 A = Elapsed time spent in this place.
 B = Non-inter-level travel time spent in this place.
 C = Inter-level travel time spent in this place.
 D = Time resting spent in this place.
 E = Time spent auto-exploring this place.
 F = Levels seen in this place.
 G = Mean time per level.
                   A        B        C        D        E       F      G
               +--------+--------+--------+--------+--------+-----+--------+
         Total |  13645 |  12959 |    686 |   1047 |   8314 |  15 |  909.7 |
       Dungeon |  12343 |  11672 |    671 |    848 |   7777 |  12 | 1028.6 |
  Orcish Mines |    757 |    742 |     15 |     76 |    430 |   2 |  378.5 |
        Bailey |    544 |    544 |      0 |    123 |    106 |   1 |  544.0 |
               +--------+--------+--------+--------+--------+-----+--------+

Top non-repeatable levels by time:
    D:11: 1848 daAuts
     D:4: 1520 daAuts
    D:10: 1193 daAuts
     D:6: 1153 daAuts
     D:7: 1013 daAuts
     D:2: 1005 daAuts
     D:1: 900 daAuts
     D:5: 846 daAuts
     D:8: 843 daAuts
    D:12: 813 daAuts
   Orc:1: 721 daAuts
     D:9: 716 daAuts
  Bailey: 544 daAuts
     D:3: 490 daAuts
   Orc:2: 36 daAuts
